 Dungeon Crawl Stone Soup version 0.27-a0-1391-g48c30b3128 (webtiles) character file.

Game seed: 1968103382151043952

244 Froggeryz the Cutter (level 6, -2/63 HPs)
             Began as an Octopode Berserker on July 1, 2021.
             Was a Believer of Trog.
             Slain by an ice beast (12 damage)
             ... on level 4 of the Dungeon.
             The game lasted 00:02:37 (3306 turns).

Froggeryz the Cutter (Octopode Berserker)           Turns: 3306, Time: 00:02:37

Health: -2/63      AC:  1    Str: 16    XL:     6   Next: 10%
Magic:  6/6        EV: 13    Int: 10    God:    Trog [**....]
Gold:   152        SH:  0    Dex: 13    Spells: 5/5 levels left

rFire    . . .     SeeInvis .   a - +0 short sword
rCold    . . .     Faith    .   (no shield)
rNeg     . . .     Spirit   .   (helmet restricted)
rPois    .         Reflect  .   (no amulet)
rElec    .         Harm     .   (no ring)
rCorr    .         Rampage  .   (no ring)
Will     .....                  (no ring)
Stlth    ..........             (no ring)
HPRegen  0.20/turn              (no ring)
MPRegen  0.10/turn              (no ring)
                                (no ring)
                                (no ring)

@: berserking, very quick
A: almost no armour, amphibious, 8 rings, camouflage 1, gelatinous body 1,
nimble swimmer 1, tentacles
a: Renounce Religion, Berserk, Trog's Hand


You were on level 4 of the Dungeon.
You worshipped Trog.
Trog was pleased with you.
You visited 1 branch of the dungeon, and saw 4 of its levels.

You collected 152 gold pieces.

Inventory:

Hand Weapons
 a - a +0 short sword (weapon)
Missiles
 o - 2 boomerangs (quivered)
Armour
 d - a +0 buckler
Wands
 q - a wand of polymorph (10)
Scrolls
 c - 4 scrolls of identify {unknown}
 e - 2 scrolls of teleportation {unknown}
 g - a scroll of enchant armour {unknown}
 h - 2 scrolls of fog {unknown}
 k - a scroll of enchant weapon {unknown}
 l - a scroll of magic mapping {unknown}
 n - a scroll of fear {unknown}
Potions
 b - 2 potions of lignification {unknown}
 f - 2 potions of heal wounds {unknown}
 i - a potion of curing {unknown}
 j - a potion of attraction {unknown}
 m - a potion of mutation {unknown}
 p - a potion of flight {unknown}


   Skills:
 - Level 3.0 Fighting
 * Level 5.2 Short Blades
 - Level 3.0 Dodging
 + Level 3.9 Stealth
 + Level 2.3 Shields


You had 5 spell levels left.
You didn't know any spells.
Your spell library was empty.

Dungeon Overview and Level Annotations

Branches:
Dungeon (4/15)
 Temple: D:4-7

Altars:
Ashenzari
Elyvilon


Innate Abilities, Weirdness & Mutations

You cannot wear most types of armour.
You are amphibious.
You can wear up to eight rings at the same time.
Your skin changes colour to match your surroundings (Stealth+).
Your rubbery body absorbs attacks. (AC +1, EV +1)
You are camouflaged near water. (Stealth+)
You have tentacles for arms and can constrict up to eight enemies at once.


Message History

A worm is nearby!
You hit the worm.
You kill the worm!
Trog accepts your kill.
No target in view!
No target in view!
HP restored.
An ice beast comes into view.
An ice beast is nearby!
An ice beast is nearby!
The helpless ice beast fails to defend itself.
You puncture the ice beast!
The ice beast is heavily wounded.
The ice beast closely misses you.
You closely miss the ice beast.
The ice beast is heavily wounded.
The ice beast closely misses you.
You hit the ice beast but do no damage. Your squeeze misses the ice beast.
The ice beast is heavily wounded.
The ice beast hits you. The ice beast freezes you!
You hit the ice beast. Your squeeze misses the ice beast.
The ice beast is severely wounded.
You barely miss the ice beast. Your squeeze misses the ice beast.
The ice beast is severely wounded.
The ice beast hits you. The ice beast freezes you.
You barely miss the ice beast.
The ice beast is severely wounded.
The ice beast hits you. The ice beast freezes you!
* * * LOW HITPOINT WARNING * * *
A red film seems to cover your vision as you go berserk!
You feel yourself moving faster!
You feel mighty!
The ice beast hits you but does no damage.
You closely miss the ice beast.
The ice beast is severely wounded.
You closely miss the ice beast.
The ice beast is severely wounded.
The ice beast hits you.
* * * LOW HITPOINT WARNING * * *
The ice beast freezes you!
You die...

#####.......#### ................
#.......# #.. .# #.......# #$.
... #.......# #....#.##
#.......## #....#..#
#........###....##.##
#.......Y≈.P♣♣♣..≈≈.#
#.......≈@......P≈≈.#
############....PP♣♣.♣♣PP..#
#......# #...P.♣♣P.P♣♣.P.##
#......# #...♣.♣....P♣.♣..#
#....(.#####...♣P..._...P♣#.####.
#..............♣.♣P...P♣.♣.......
#............#...♣♣P.P♣♣..##.###.
..................♣♣.♣♣....#..# .
#............##≈≈P..P...≈≈.##.##.


You could see an ice beast.

Vanquished Creatures
  2 scorpions
  A howler monkey skeleton (D:2)
  3 adders
  A white imp (D:3)
  An ufetubus (D:3)
  3 worms
  A dart slug (D:1)
  3 orcs (D:3)
  5 endoplasms
  2 giant cockroaches (D:3)
  6 goblins
  8 hobgoblins
  9 kobolds
  4 quokkas
  4 ball pythons
  7 bats
  5 frilled lizards
  4 rats
69 creatures vanquished.

Notes
Turn   | Place    | Note
-------+----------+-------------------------------------------
     0 | D:1      | Froggeryz the Octopode Berserker began the quest for the
                  | Orb.
     0 | D:1      | Reached XP level 1. HP: 16/16 MP: 1/1
   118 | D:1      | Found a faded altar of an unknown god.
   232 | D:1      | Reached skill level 1 in Stealth
   234 | D:1      | Reached XP level 2. HP: 21/21 MP: 2/2
   723 | D:1      | Reached XP level 3. HP: 22/26 MP: 3/3
   991 | D:2      | Found a broken altar of Ashenzari.
  1018 | D:2      | Reached ** piety under Trog
  1116 | D:2      | Reached skill level 4 in Short Blades
  1116 | D:2      | Reached skill level 1 in Shields
  1781 | D:2      | Reached XP level 4. HP: 30/31 MP: 4/4
  2189 | D:3      | Noticed a scorpion
  2472 | D:3      | Killed a scorpion
  2473 | D:3      | Reached XP level 5. HP: 36/36 MP: 5/5
  2942 | D:4      | Found a white marble altar of Elyvilon.
  3095 | D:4      | Reached skill level 5 in Short Blades
  3095 | D:4      | Reached XP level 6. HP: 42/42 MP: 6/6
  3285 | D:4      | Noticed an ice beast
  3306 | D:4      | Slain by an ice beast

Illustrated notes

Levels and vault maps discovered:
D:1:      lemuel_arrival_rhombus, layout_basic,
          shapermc_ecumenical_altar_flowoftime, minmay_split_cup_large
D:2:      layout_loops_corners, basic_altar
D:3:      layout_basic, st_stairs_13, guppyfry_early_orc_mine
D:4:      layout_basic, nicolae_elyvilon_peaceful_grove, minmay_splitting_lines,
          uniq_eustachio, uniq_ijyb

Skill      XL: |  1  2  3  4  5 |
---------------+----------------+-----
Stealth        | 1 2 3 |  3.9
Short Blades   | 4 5 |  5.2
Shields        | 1 2 |  2.3
Fighting       | |  3.0
Dodging        | |  3.0

Action                   |  1- 3 |  4- 6 || total
-------------------------+-------+-------++-------
Melee: Short sword       |    74 |    69 ||   143
       Constrict         |    22 |    17 ||    39
       Tentacles         |    15 |    17 ||    32
Invok: Berserk           |       |     2 ||     2
 Stab: Sleeping          |     5 |     8 ||    13
       Distracted        |       |     1 ||     1
Armor: Skin              |     9 |     4 ||    13
Dodge: Dodged            |    48 |    25 ||    73

Table legend: (Time is in decaauts)
 A = Elapsed time spent in this place.
 B = Non-inter-level travel time spent in this place.
 C = Inter-level travel time spent in this place.
 D = Time resting spent in this place.
 E = Time spent auto-exploring this place.
 F = Levels seen in this place.
 G = Mean time per level.
                   A        B        C        D        E       F      G
               +--------+--------+--------+--------+--------+-----+--------+
         Total |   3303 |   3243 |     60 |    362 |   2440 |   4 |  825.8 |
       Dungeon |   3303 |   3243 |     60 |    362 |   2440 |   4 |  825.8 |
               +--------+--------+--------+--------+--------+-----+--------+

Top non-repeatable levels by time:
     D:2: 1247 daAuts
     D:1: 923 daAuts
     D:3: 734 daAuts
     D:4: 398 daAuts
